 Dungeon Crawl Stone Soup version 0.22-a0-282-gdd34a7d (webtiles) character file.

18708 erloom the Fighter (level 12, -2/103 HPs)
             Began as a Demonspawn Fighter on Mar 17, 2018.
             Was a High Priest of Makhleb.
             Killed from afar by a necromancer (25 damage)
             ... with a bolt of cold
             ... in an ice cave.
             The game lasted 00:53:10 (15500 turns).

erloom the Fighter (Demonspawn Fighter)            Turns: 15500, Time: 00:53:10

Health: -2/103     AC: 16    Str: 22    XL:     12   Next: 30%
Magic:  12/12      EV: 13    Int: 11    God:    Makhleb [*****.]
Gold:   369        SH:  0    Dex: 19    Spells: 11/11 levels left

rFire    . . .     SeeInvis .   a - +3 battleaxe (elec)
rCold    . . .     Gourm    .   (shield currently unavailable)
rNeg     . . .     Faith    +   p - +4 scale mail
rPois    +         Spirit   .   A - +2 hat
rElec    .         Reflect  .   n - +0 cloak
rCorr    .         Harm     .   u - +0 pair of gloves
MR       .....                  (no boots)
Stlth    ++........             G - amulet of faith
HPRegen  0.27/turn              l - +2 ring of intelligence
MPRegen  0.13/turn              z - ring of poison resistance

@: no status effects
A: claws 2, thin skeletal structure 3, demonic guardian 1, spiny 2
a: Minor Destruction, Lesser Servant of Makhleb, Major Destruction, Greater
Servant of Makhleb, Renounce Religion


You were in an ice cave.
You worshipped Makhleb.
Makhleb was extremely pleased with you.
You were not hungry.

You visited 3 branches of the dungeon, and saw 13 of its levels.
You also visited: Ice Cave.

You collected 609 gold pieces.
You spent 240 gold pieces at shops.

Inventory:

Hand Weapons
 a - a +3 battleaxe of electrocution (weapon)
 b - the +8 hand crossbow "Dades" {venom, MP+9 SInv}
   (You acquired it on level 7 of the Dungeon)

   It poisons the ammo it fires.
   It affects your magic capacity (+9).
   It lets you see invisible.
 H - a +1 war axe
 I - a +3 hand crossbow
Missiles
 r - 12 tomahawks
 v - 23 bolts
 w - 2 silver tomahawks
 x - a throwing net (quivered)
Armour
 c - a +0 shield
 n - a +0 cloak (worn)
 p - a +4 scale mail (worn)
 u - a +0 pair of gloves (worn)
 A - a +2 hat (worn)
Jewellery
 j - an uncursed ring of fire
 l - a +2 ring of intelligence (left hand)
 z - a ring of poison resistance (right hand)
 G - an amulet of faith (around neck)
Wands
 d - a wand of flame (36)
 m - a wand of iceblast (5)
 o - a wand of clouds (4)
 J - a wand of random effects (18)
 O - a wand of paralysis (14)
Scrolls
 g - 7 scrolls of teleportation
 i - 4 scrolls of remove curse
 y - a scroll of vulnerability {unknown}
 C - 3 scrolls of amnesia {unknown}
 D - a scroll of blinking
 E - 2 scrolls of fear {unknown}
 M - a scroll of fog
 P - 2 scrolls of immolation
Potions
 e - 2 potions of heal wounds
 h - 2 potions of agility
 k - 3 potions of ambrosia
 q - 3 potions of curing
 s - a potion of lignification
 t - a potion of invisibility
 B - 3 potions of magic
 F - a potion of might
 K - 2 potions of resistance
 L - a potion of mutation
Comestibles
 f - 17 rations


   Skills:
 + Level 12.5 Fighting
 + Level 11.5 Axes
 + Level 6.3 Crossbows
 + Level 5.7 Armour
 + Level 4.9 Dodging
 - Level 2.6 Shields


You had 11 spell levels left.
You didn't know any spells.

Dungeon Overview and Level Annotations

Branches:
Dungeon (11/15)            Temple (1/1) D:7            Lair (1/6) D:11
    Orc (0/2) D:9

Altars:
Ashenzari
Cheibriados
Dithmenos
Elyvilon
Fedhas
Gozag
Hepliaklqana
Kikubaaqudgha
Makhleb
Nemelex Xobeh
Okawaru
Qazlal
Ru
Sif Muna
Trog
Uskayaw
Vehumet
Wu Jian
Xom
Yredelemnul
Zin
The Shining One

Shops:
D:4 *   D:6 (   D:10 !


Innate Abilities, Weirdness & Mutations

You have very sharp fingernails.
You have an unnaturally thin skeletal structure. (Dex +6, Stealth++)
A weak demonic guardian rushes to your aid.
You are mostly covered in sharp spines.


Message History

You kill the ice beast!
The ice statue gestures at you. The shard of ice hits you!
* * * LOW HITPOINT WARNING * * *
You feel much better. The ice statue gestures at you.
The shard of ice hits you!
* * * LOW HITPOINT WARNING * * *
You hit the ice statue.
You destroy the ice statue!
Makhleb accepts your kill.
Your shadow imp barely misses the necromancer.
The necromancer gestures at you while chanting.
The bolt of cold hits your shadow imp.
Your shadow imp resists.
The bolt of cold misses you.
You swap places.
The necromancer gestures at you while chanting.
The bolt of cold hits you!
You die...

###.8...8.###
#.'.......'.#
###.8...8.###
#.'.......'.#
###.8§.§8.### #
#.'..§§...+
#'######(######
#.....p.........
####5@#####.8###
##.# ## #.# #.#
#.# #.. ###


You could see a necromancer and a friendly shadow imp.

Vanquished Creatures
  Josephine (D:11)
  A two-headed ogre (D:10)
  The ghost of Pawles22 the Skirmisher, a novice NaTm (D:10)
  An unseen horror (D:10)
  Pikel (D:6)
  An ugly thing (D:11)
  Joseph (D:7)
  A gargoyle (D:11)
  3 ice statues (IceCv)
  A centaur skeleton (D:10)
  A spiny frog (Lair:1)
  A komodo dragon (Lair:1)
  7 ice devils
  2 trolls
  2 hippogriffs
  2 wyverns
  4 wraiths (D:11)
  17 yaks
  2 hungry ghosts (D:7)
  A porcupine (Lair:1)
  2 water moccasins
  An ice beast (D:7)
  2 phantoms (D:8)
  7 orc warriors
  A sky beast (D:10)
  A necrophage (D:7)
  4 ogres
  3 wolves (Lair:1)
  5 centaurs
  3 crocodiles (Lair:1)
  4 big kobolds
  11 bullfrogs
  3 scorpions (D:7)
  6 killer bees
  8 wights (D:9)
  5 electric eels (D:10)
  3 crimson imps
  A draconian simulacrum (IceCv)
  Crazy Yiuf (D:2)
  6 hounds
  6 jellies
  9 orc priests
  3 bullfrog skeletons
  A gnoll shaman (D:10)
  6 iguanas
  9 orc wizards
  11 worker ants
  A spriggan simulacrum (IceCv)
  A troll simulacrum (IceCv)
  3 centaur simulacra (IceCv)
  2 hound skeletons
  A howler monkey zombie (D:8)
  2 worker ant zombies
  A howler monkey skeleton (D:4)
  14 gnolls
  2 naga simulacra (IceCv)
  11 adders
  5 shadow imps
  6 oozes
  An adder zombie (D:7)
  An adder skeleton (D:4)
  A worm (D:4)
  4 dart slugs
  5 leopard geckos
  43 orcs
  6 bats
  5 giant cockroaches
  6 hobgoblins
  13 jackals
  41 kobolds
  6 quokkas
  3 frilled lizards
  7 goblins
  2 leopard gecko skeletons
  7 rats
373 creatures vanquished.

Vanquished Creatures (collateral kills)
  The ghost of Tungsten the Changer, a novice CeTm of Kikubaaqudgha (D:5)
  Sigmund (D:6)
  A yak (D:11)
  An ogre (D:6)
  2 centaurs (D:5)
  A gnoll sergeant (D:5)
  A scorpion (D:4)
  2 orc wizards
  A centaur simulacrum (IceCv)
  5 orcs
  2 kobolds (D:5)
18 creatures vanquished.

Grand Total: 391 creatures vanquished

Notes
Turn   | Place    | Note
-------+----------+-------------------------------------------
     0 | D:1      | erloom the Demonspawn Fighter began the quest for the Orb.
     0 | D:1      | Reached XP level 1. HP: 18/18 MP: 1/1
   213 | D:1      | Gained mutation: You have a somewhat thin skeletal structure. (Dex +2, Stealth) [demonic ancestry]
   213 | D:1      | Reached XP level 2. HP: 23/24 MP: 2/2
   487 | D:1      | Gained mutation: You have a moderately thin skeletal structure. (Dex +4, Stealth+) [demonic ancestry]
   487 | D:1      | Reached XP level 3. HP: 28/29 MP: 3/3
   975 | D:2      | Reached skill level 4 in Fighting
  1185 | D:2      | Found a stormy altar of Qazlal.
  1370 | D:2      | Gained mutation: A weak demonic guardian rushes to your aid. [demonic ancestry]
  1370 | D:2      | Reached XP level 4. HP: 26/37 MP: 4/4
  1801 | D:2      | Found a deep blue altar of Sif Muna.
  1868 | D:2      | Found a runed door.
  2159 | D:2      | Noticed Crazy Yiuf
  2161 | D:2      | Killed Crazy Yiuf
  2250 | D:3      | Gained mutation: You have an unnaturally thin skeletal structure. (Dex +6, Stealth++) [demonic ancestry]
  2250 | D:3      | Reached XP level 5. HP: 5/43 MP: 5/5
  3172 | D:3      | Reached skill level 5 in Fighting
  3820 | D:4      | Reached XP level 6. HP: 48/51 MP: 6/6
  4398 | D:4      | Found Teeryvak's Serpentskin Sales.
  4398 | D:4      | Noticed a water moccasin
  4869 | D:5      | Entered Level 5 of the Dungeon
  4869 | D:5      | Noticed Tungsten's ghost (novice CeTm)
  4883 | D:5      | Killed Tungsten's ghost
  4883 | D:5      | Reached skill level 6 in Fighting
  4883 | D:5      | Reached skill level 5 in Axes
  4883 | D:5      | Gained mutation: You are partially covered in sharp spines. [demonic ancestry]
  4883 | D:5      | Reached XP level 7. HP: 54/59 MP: 7/7
  5425 | D:5      | Found a sparkling altar of Nemelex Xobeh.
  5425 | D:5      | Found a sacrificial altar of Ru.
  5466 | D:5      | Found a glowing golden altar of the Shining One.
  5475 | D:5      | Found a basalt altar of Yredelemnul.
  5515 | D:5      | Found a bloodstained altar of Trog.
  5875 | D:5      | Reached skill level 7 in Fighting
  6470 | D:5      | Noticed an angel
  6632 | D:4      | Reached XP level 8. HP: 23/67 MP: 8/8
  7214 | D:6      | Found an ornate altar of the Wu Jian Council.
  7837 | D:4      | Reached skill level 8 in Fighting
  7843 | D:4      | Bought an uncursed ring of poison resistance for 240 gold pieces
  8272 | D:6      | Noticed Pikel
  8306 | D:6      | Killed Pikel
  8306 | D:6      | Reached skill level 9 in Fighting
  8306 | D:6      | Gained mutation: You are mostly covered in sharp spines. [demonic ancestry]
  8306 | D:6      | Reached XP level 9. HP: 72/76 MP: 9/9
  8413 | D:6      | Found Ycew's Weapon Shop.
  8498 | D:6      | Noticed Sigmund
  8518 | D:6      | Killed Sigmund
  8990 | D:7      | Found a staircase to the Ecumenical Temple.
  9009 | D:7      | Reached skill level 10 in Fighting
  9023 | Temple   | Entered the Ecumenical Temple
  9151 | D:7      | Noticed Joseph
  9168 | D:7      | Killed Joseph
  9246 | D:7      | Found a burning altar of Makhleb.
  9270 | D:7      | Became a worshipper of Makhleb the Destroyer
  9863 | D:7      | Gained mutation: You have sharp fingernails. [demonic ancestry]
  9863 | D:7      | Reached XP level 10. HP: 86/86 MP: 10/10
 10265 | D:8      | Found a white marble altar of Elyvilon.
 10324 | D:8      | Reached * piety under Makhleb
 10427 | D:8      | Identified a scroll of acquirement
 10439 | D:7      | Got an encrusted hand crossbow
 10443 | D:7      | Identified the +8 hand crossbow "Dades" {venom, MP+9 SInv} (You acquired it on level 7 of the Dungeon)
 10738 | D:8      | Found a shadowy altar of Dithmenos.
 10795 | D:8      | Found a shimmering altar of Xom.
 10797 | D:8      | Found a shimmering altar of Xom.
 10798 | D:8      | Found a shimmering altar of Xom.
 10809 | D:8      | Reached skill level 1 in Crossbows
 10835 | D:8      | Found a shimmering altar of Xom.
 10835 | D:8      | Found a shimmering altar of Xom.
 10835 | D:8      | Found a shimmering altar of Xom.
 10836 | D:8      | Found a shimmering altar of Xom.
 11059 | D:8      | Found an iron altar of Okawaru.
 11300 | D:9      | Reached skill level 11 in Fighting
 11409 | D:9      | Reached ** piety under Makhleb
 11409 | D:9      | Reached skill level 10 in Axes
 11699 | D:9      | Found a staircase to the Orcish Mines.
 11723 | D:9      | Found a shattered altar of Ashenzari.
 12096 | D:9      | Found a shimmering altar of Xom.
 12155 | D:9      | Reached *** piety under Makhleb
 12474 | D:10     | Entered Level 10 of the Dungeon
 12520 | D:10     | Found Zuann's Distillery.
 12538 | D:10     | Found a shattered altar of Ashenzari.
 12542 | D:10     | Noticed an unseen horror
 12543 | D:10     | Killed an unseen horror
 12543 | D:10     | Reached skill level 1 in Dodging
 12567 | D:10     | Noticed Pawles22's ghost (novice NaTm)
 12589 | D:10     | Killed Pawles22's ghost
 12589 | D:10     | Gained mutation: You have very sharp fingernails. [demonic ancestry]
 12589 | D:10     | Reached XP level 11. HP: 91/94 MP: 11/11
 12904 | D:10     | Reached **** piety under Makhleb
 13141 | D:10     | Noticed a two-headed ogre
 13145 | D:10     | Killed a two-headed ogre
 13577 | D:11     | Noticed Josephine
 13584 | D:11     | Killed Josephine
 13584 | D:11     | Reached skill level 5 in Crossbows
 13700 | D:11     | Reached skill level 12 in Fighting
 13735 | D:11     | Noticed a green ugly thing
 13748 | D:11     | Killed a green ugly thing
 13981 | D:11     | Found a staircase to the Lair.
 14027 | Lair:1   | Entered Level 1 of the Lair of Beasts
 14050 | Lair:1   | Reached ***** piety under Makhleb
 14058 | Lair:1   | Reached skill level 5 in Armour
 14177 | Lair:1   | Reached XP level 12. HP: 103/103 MP: 12/12
 14351 | Lair:1   | Found a frozen archway.
 14374 | IceCv    | Entered an ice cave
 15500 | IceCv    | Killed from afar by a necromancer

Vault maps used:
D:1:      dpeg_arrival_chambers_temple_mockup, roderic_lattice_a
D:2:      old_standard_altar, led_sif_pool, first_ration,
          uniq_crazy_yiuf_cottage
D:3:      minmay_misc_feat_roman, st_stairs_4
D:4:      guppyfry_shop_venom
D:5:      kennysheep_kobold_camp, grunt_temple_overflow_holy_war,
          grunt_temple_overflow_open, basic_altar, lightli_minifort
D:6:      overflow_temple_1_default, serial_shops, shop, uniq_sigmund,
          uniq_pikel
D:7:      minmay_temple_entry_trees, makhleb_blood_cavern_becter, uniq_joseph
D:8:      nicolae_overflow_crystal_walls, grunt_dithmenos_shadows,
          xom_redecorated, nicolae_overflow_hidden_temple,
          hangedman_little_slice_of_home
D:9:      lemuel_doored_altar, david_orc_2, basic_altar
D:10:     wad_crossroads, serial_shops, nicolae_shop_behind_doors,
          ashenzari_altar_1
D:11:     lair_entry_dummy, uniq_josephine
Temple:   kb_temple_of_zot
Lair:1:   portal_ice_cave_demonic_guard, uniq_nergalle
IceCv:    ice_cave_tombish

Skill      XL: |  1  2  3  4  5  6  7  8  9 10 11 12 |
---------------+-------------------------------------+-----
Axes           | 2 3 4 5 6 8 9 10 11 | 11.5
Fighting       | 4 5 6 7 9 10 11 12 | 12.5
Crossbows      | 4 5 6 |  6.3
Armour         | 3 5 |  5.7
Dodging        | 1 4 |  4.9
Shields        | |  2.6

Action                   |  1- 3 |  4- 6 |  7- 9 | 10-12 || total
-------------------------+-------+-------+-------+-------++-------
Melee: War axe           |   113 |   202 |   315 |   216 ||   846
       Battleaxe         |       |       |       |   151 ||   151
 Fire: Hand crossbow     |       |       |       |   172 ||   172
Evoke: Wand              |       |     5 |       |       ||     5
  Use: Potion            |     3 |       |     3 |     3 ||     9
       Scroll            |       |     4 |     9 |     5 ||    18
 Stab: Sleeping          |       |     1 |     4 |     5 ||    10
       Distracted        |       |       |     5 |     2 ||     7
  Eat: Chunk             |     2 |    11 |    17 |    13 ||    43
       Ration            |       |       |     1 |     2 ||     3
Armor: Scale mail        |    64 |    85 |    98 |   153 ||   400
       Skin              |       |       |       |     2 ||     2
Dodge: Dodged            |    25 |    49 |    61 |   100 ||   235
Block: Shield            |    63 |   103 |   160 |    84 ||   410

Table legend:
 A = Spawn XP
 B = Non-spawn XP
 C = Spawn XP percentage of total XP
 D = Spawn monster count
 E = Non-spawn monster count
 F = Spawn count percentage of total count
 G = Total turns spent on level
                    A         B        C        D         E        F      G
               +---------+---------+-------+---------+---------+-------+---------
         Total |       0 |   26727 |   0.0 |       0 |     391 |   0.0 | 15500
               +---------+---------+-------+---------+---------+-------+---------
           D:1 |       0 |      53 |   0.0 |       0 |      29 |   0.0 |   890
           D:2 |       0 |     119 |   0.0 |       0 |      13 |   0.0 |  1579
           D:3 |       0 |     152 |   0.0 |       0 |      29 |   0.0 |  1270
           D:4 |       0 |     573 |   0.0 |       0 |      23 |   0.0 |  1926
           D:5 |       0 |     834 |   0.0 |       0 |      32 |   0.0 |  1844
           D:6 |       0 |    1863 |   0.0 |       0 |      37 |   0.0 |  1392
           D:7 |       0 |    2026 |   0.0 |       0 |      36 |   0.0 |  1482
           D:8 |       0 |    1225 |   0.0 |       0 |      37 |   0.0 |   819
           D:9 |       0 |    2557 |   0.0 |       0 |      49 |   0.0 |  1178
          D:10 |       0 |    4774 |   0.0 |       0 |      40 |   0.0 |  1085
          D:11 |       0 |    4021 |   0.0 |       0 |      22 |   0.0 |   468
        Lair:1 |       0 |    5293 |   0.0 |       0 |      27 |   0.0 |   347
         IceCv |       0 |    3237 |   0.0 |       0 |      17 |   0.0 |  1126
               +---------+---------+-------+---------+---------+-------+---------
